 Dungeon Crawl Stone Soup version 0.28-a0-631-g0446da8ef9 (webtiles) character file.

Game seed: 13152782611117514570

46 Antediluvian the Skirmisher (level 3, 0/37 (45) HPs)
             Began as a Formicid Abyssal Knight on Oct 10, 2021.
             Was a Follower of Lugonu.
             Slain by Natasha (6 damage)
             ... on level 2 of the Dungeon.
             The game lasted 00:02:22 (1162 turns).

Antediluvian the Skirmisher (FoAK)                  Turns: 1162, Time: 00:02:24

HP:   0/37 (45)     AC: 21    Str: 18    XL:     3   Next: 95%
MP:   5/5           EV:  2    Int:  9    God:    Lugonu [*.....]
Gold: 56            SH:  0    Dex: 11    Spells: 2/2 levels left

rFire   . . .      SeeInvis .   a - +1 falchion
rCold   . . .      Faith    .   (no shield)
rNeg    . . .      Spirit   .   (armour currently unavailable)
rPois   +          Reflect  .   (helmet unavailable)
rElec   .          Harm     .   (cloak currently unavailable)
rCorr   .          Rampage  .   (gloves currently unavailable)
Will    .....                   (boots currently unavailable)
Stlth   +.........              (no amulet)
HPRegen 0.12/turn               (no ring)
MPRegen 0.09/turn               (no ring)

@: tree-form, heavily drained
A: stationary, stasis, torment immunity, boosted hp, permanent stasis, dig
shafts and tunnels, (antennae 3), four strong arms
a: Renounce Religion, Depart the Abyss


You were on level 2 of the Dungeon.
You worshipped Lugonu.
Lugonu was aware of your devotion.
You were a tree.
You visited 1 branch of the dungeon, and saw 2 of its levels.
You visited the Abyss 1 time.

You collected 56 gold pieces.

Inventory:

Hand Weapons
 a - a +1 falchion (weapon)
Armour
 d - a +0 ring mail (melded)
Scrolls
 b - a scroll of fog {unknown}
 e - a scroll of teleportation {unknown}
Potions
 c - a potion of haste {unknown}
 f - a potion of heal wounds {unknown}


   Skills:
 + Level 4.1 Fighting
 + Level 2.6 Long Blades
 + Level 2.6 Armour
 - Level 0.8 Dodging
 + Level 2.6 Invocations


You had 2 spell levels left.
You didn't know any spells.
Your spell library contained the following spells:

 Spells                   Type           Power      Damage    Failure   Level
 Conjure Flame            Conj/Fire      0%         6-21      77%         3
 Ignite Poison            Fire/Tmut/Pois 0%         N/A       77%         3
 Sticky Flame             Conj/Fire      0%         2d3       99%         4


Dungeon Overview and Level Annotations

Branches:
Dungeon (2/15)

Altars:

Annotations:
D:2 Natasha, Terence


Innate Abilities, Weirdness & Mutations

You are a tree.
Your roots penetrate the ground, keeping you stationary.
You cannot be teleported.
You are immune to unholy pain and torment.
Your maximum health is greatly increased.
Your equipment is partially melded.
You cannot be hasted, slowed, berserked, paralysed or teleported.
You can dig through walls and to a lower floor.
((You have a pair of large antennae on your head. (SInv)))
Your four strong arms can wield two-handed weapons with a shield.


Message History

HP restored.
Found a stone staircase leading down.
f - a yellow potion
Found a stone staircase leading down.
Found a stone staircase leading down.
Terence the Incautious comes into view.
He is wielding a +2 falchion of draining.
Found a scroll labelled NUROSE YLILL.
You hit Terence.
Terence is lightly wounded.
Natasha, Servant of Life and Death comes into view.
She is carrying a wand of polymorph (12).
Terence hits you with a +2 falchion of draining.
You feel drained.
Natasha moves out of view.
You completely miss Terence.
Terence is lightly wounded.
Terence hits you with a +2 falchion of draining.
You feel drained.
You closely miss Terence.
Terence is lightly wounded.
Terence barely misses you.
You closely miss Terence.
Terence is lightly wounded.
Terence hits you with a +2 falchion of draining.
You feel drained.
You closely miss Terence.
Terence is lightly wounded.
Natasha hisses angrily.
Terence hits you with a +2 falchion of draining!
* * * LOW HITPOINT WARNING * * *
You feel drained.
* * * LOW HITPOINT WARNING * * *
Terence misses you.
Natasha zaps a wand.
You turn into a tree.
Your +0 ring mail melds into your body.
Your roots penetrate the ground.
You completely miss Terence.
Terence is lightly wounded.
Terence hits you but does no damage.
You feel drained.
Natasha howls an incantation.
You feel troubled. Natasha claws you.
You die...

#....<.# ###.##.#
### # #.# ... #
##÷###.####
#.#..........
#.#..........
#......#..#.#
###..........
.#######♣####.....
........@h........
..#####......>....
#.#######..>
#.##.### ...
#......#
....>...#.#
###..#.#.........
#..#...........


You could see Terence and Natasha.

Vanquished Creatures
  Natasha (D:2)
  3 endoplasms (D:1)
  2 giant cockroaches (D:1)
  2 goblins (D:1)
  3 hobgoblins
  2 jackals (D:1)
  A quokka (D:1)
  2 ball pythons (D:1)
  A bat (D:1)
  3 rats (D:1)
20 creatures vanquished.

Notes
Turn   | Place    | Note
-------+----------+-------------------------------------------
     0 | Abyss:1  | Antediluvian the Formicid Abyssal Knight began the quest
                  | for the Orb.
     0 | Abyss:1  | Reached XP level 1. HP: 18/18 MP: 2/2
     9 | Abyss:1  | Found a corrupted altar of Lugonu.
    75 | Abyss:1  | Noticed a chaos spawn
    87 | Abyss:1  | Found a corrupted altar of Lugonu.
    93 | D:1      | Escaped the Abyss
   349 | D:1      | Reached XP level 2. HP: 25/25 MP: 3/3
   826 | D:1      | Reached XP level 3. HP: 29/30 MP: 4/4
   938 | D:2      | Noticed Natasha
   958 | D:2      | Killed Natasha
   959 | D:2      | Reached skill level 4 in Fighting
  1147 | D:2      | Noticed Terence
  1154 | D:2      | Noticed Natasha
  1162 | D:2      | Slain by Natasha

Illustrated notes

Levels and vault maps discovered:
D:1:      lightli_arrival_boilingwater, layout_basic
D:2:      layout_loops_cross, chequers_serial_rivers_room_a,
          guppyfry_early_orc_mine, uniq_terence, uniq_robin, uniq_natasha

Skill      XL: |  1  2  3 |
---------------+----------+-----
Fighting       | 4 |  4.1
Long Blades    | |  2.6
Armour         | |  2.6
Dodging        | |  0.8
Invocations    | |  2.6

Action                   || total
-------------------------++-------
Melee: Falchion          ||    92
Armor: Ring mail         ||    35
       Skin              ||     1
Dodge: Dodged            ||    39

Table legend: (Time is in decaauts)
 A = Elapsed time spent in this place.
 B = Non-inter-level travel time spent in this place.
 C = Inter-level travel time spent in this place.
 D = Time resting spent in this place.
 E = Time spent auto-exploring this place.
 F = Levels seen in this place.
 G = Mean time per level.
                   A        B        C        D        E       F      G
               +--------+--------+--------+--------+--------+-----+--------+
         Total |   1181 |   1147 |     34 |      0 |    832 |   3 |  393.7 |
       Dungeon |   1088 |   1054 |     34 |      0 |    824 |   2 |  544.0 |
         Abyss |     93 |     93 |      0 |      0 |      8 |   1 |   93.0 |
               +--------+--------+--------+--------+--------+-----+--------+

Top non-repeatable levels by time:
     D:1: 851 daAuts
     D:2: 236 daAuts
 Abyss:1: 93 daAuts
